 Dungeon Crawl Stone Soup version 0.19-a0-459-gb8ed64d (webtiles) character file.

632 Duffy the Gusty (level 7, -6/48 HPs)
             Began as a High Elf Air Elementalist on June 2, 2016.
             Mangled by an ogre
             ... wielding a +0 giant club
              (24 damage)
             ... on level 5 of the Dungeon.
             The game lasted 00:07:55 (4367 turns).

Duffy the Gusty (High Elf Air Elementalist)         Turns: 4367, Time: 00:07:56

Health: -6/48      AC:  3    Str:  9    XL:     7   Next: 24%
Magic:  21/23      EV: 13    Int: 19    God:
Gold:   216        SH:  0    Dex: 20    Spells: 4 memorised, 3 levels left

rFire  . . .     SeeInvis .     w - +3 spear (venom)
rCold  . . .     Gourm    .     a - +0 robe
rNeg   . . .     Faith    .     (no shield)
rPois  .         Spirit   .     (no helmet)
rElec  .         Dismiss  .     (no cloak)
rCorr  .         Reflect  .     r - +0 pair of gloves
SustAt .         Harm     .     (no boots)
MR     .....                    (no amulet)
Stlth  ++........               g - ring of magical power
                                e - +4 ring of dexterity

@: repel missiles, not resistant to hostile enchantments, unstealthy
A: no striking features
a: no special abilities


You were on level 5 of the Dungeon.
You were not hungry.

You visited 1 branch of the dungeon, and saw 5 of its levels.

You collected 216 gold pieces.


   Skills:
 + Level 4.0 Fighting
 + Level 2.5 Dodging
 - Level 2.2 Stealth
 - Level 4.0 Spellcasting
 - Level 5.0 Conjurations
 - Level 5.3 Air Magic


You had 3 spell levels left.
You knew the following spells:

 Your Spells              Type           Power        Failure   Level  Hunger
a - Shock                 Conj/Air       ###.         1%          1    None
c - Static Discharge      Conj/Air       ###.....     6%          3    ###....
l - Lightning Bolt        Conj/Air       ###.......   50%         5    ######.
m - Repel Missiles        Chrm/Air       ##....       10%         2    ##.....

Inventory:

Hand Weapons
 w - a +3 spear of venom (weapon)
Armour
 a - a +0 robe (worn)
 r - a +0 pair of gloves (worn)
Jewellery
 e - a +4 ring of dexterity (left hand)
 g - a ring of magical power (right hand)
 y - an uncursed ring of stealth
Scrolls
 d - 2 scrolls of enchant armour {unknown}
 f - 4 scrolls of identify {unknown}
 i - 4 scrolls of amnesia {unknown}
 j - 2 scrolls of fog {unknown}
 m - 3 scrolls of remove curse {unknown}
 o - a scroll of immolation {unknown}
 p - a scroll of blinking {unknown}
Potions
 k - a potion of degeneration {unknown}
 n - a potion of magic {unknown}
 q - 2 potions of curing {unknown}
 s - a potion of invisibility {unknown}
 u - a potion of might {unknown}
Books
 b - a book of Air
Comestibles
 c - 4 bread rations
 h - 3 meat rations
 l - a slice of pizza
 t - a chunk of flesh
 v - 3 beef jerkies
 x - 2 fruits

Dungeon Overview and Level Annotations

Branches:
Dungeon (5/15)
 Temple: D:4-7

Altars:


Message History

The orc is too close now for your liking.
Cast which spell? (? or * to list)
Aiming: Shock
Press: ? - help, Shift-Dir - straight line, f - orc
Aim: an orc, wielding a hand axe (resting)
The zap hits the orc.
You kill the orc!
Cast which spell? (? or * to list)
You can't see any susceptible monsters within range! (Use Z to cast anyway.)
You see here a giant cockroach corpse.
You are feeling hungry.
You see here a giant cockroach corpse.
You butcher the giant cockroach corpse.
t - 2 chunks of flesh Eating one of 2 chunks of flesh.
This raw flesh tastes terrible.
You continue eating. x2
Found a quarterstaff.
You see here a quarterstaff.
An ogre comes into view. It is wielding a giant club.
Cast which spell? (? or * to list)
Aiming: Shock
Press: ? - help, Shift-Dir - straight line, f - ogre
Aim: an ogre, wielding a giant club (resting)
The zap hits the ogre.
The ogre is lightly wounded.
The ogre shouts!
Cast which spell? (? or * to list)
Aiming: Shock
Press: ? - help, Shift-Dir - straight line, p - ogre The zap hits the ogre.
The ogre is moderately wounded.
The zap hits the ogre.
The ogre is moderately wounded.
Cast which spell? (? or * to list)
Aiming: Shock
Press: ? - help, Shift-Dir - straight line The zap misses the ogre.
The zap hits the ogre.
The ogre is moderately wounded.
The ogre hits you with a giant club!!
Ouch! That really hurt!
Cast which spell? (? or * to list)
Aiming: Shock
Press: ? - help, Shift-Dir - straight line The zap hits the ogre.
The ogre is heavily wounded.
The zap hits the ogre.
The ogre is heavily wounded.
The ogre hits you with a giant club!!
Ouch! That really hurt!
You die...

.........# ####............#
#........# ##.#########..#
#..# ##.#.## #..# #..#
##.###.## #..# #..###.##
##.#### #..# #.....## ##...#
#..# .#####..###.## ##.##.#
#..# ........# ##.###.###.#
#..# .####...# ##.#@##
#.###..# #..## ##O##
#......#
######..#######.#####.####.#
.........................).#
######.#######.#.####)######
#.# #.###...#.# ######.#
##)#.##...## .......#
##.##..#..# ########
###.#.#....#


You could see an ogre.

Action                   |  1- 3 |  4- 6 |  7- 9 || total
-------------------------+-------+-------+-------++-------
Melee: Spear             |       |    26 |     9 ||    35
 Cast: Shock             |    65 |   100 |    16 ||   181
       Repel Missiles    |     1 |       |       ||     1
 Stab: Sleeping          |       |       |     1 ||     1
  Eat: Chunk             |       |     9 |     2 ||    11
Armor: Robe              |     3 |     8 |     1 ||    12
Dodge: Dodged            |    14 |    46 |    11 ||    71

Notes
Turn   | Place    | Note
--------------------------------------------------------------
     0 | D:1      | Duffy the High Elf Air Elementalist began the quest for the Orb.
     0 | D:1      | Reached XP level 1. HP: 11/11 MP: 4/4
   291 | D:1      | Reached skill level 2 in Conjurations
   431 | D:1      | Reached XP level 2. HP: 17/17 MP: 6/6
   479 | D:1      | Reached skill level 3 in Conjurations
   634 | D:1      | Learned a level 2 spell: Repel Missiles
   774 | D:1      | Reached XP level 3. HP: 21/21 MP: 7/7
   834 | D:1      | Learned a level 3 spell: Static Discharge
  1382 | D:2      | Reached XP level 4. HP: 27/27 MP: 9/9
  1475 | D:2      | Reached skill level 4 in Air Magic
  1555 | D:2      | Reached skill level 3 in Spellcasting
  1906 | D:3      | Found a faded altar of an unknown god.
  2210 | D:3      | Reached skill level 4 in Spellcasting
  2511 | D:3      | Reached XP level 5. HP: 31/31 MP: 12/12
  2690 | D:3      | Learned a level 5 spell: Lightning Bolt
  2722 | D:4      | Reached skill level 4 in Conjurations
  3174 | D:4      | Reached skill level 5 in Air Magic
  3256 | D:4      | Noticed an ogre
  3278 | D:4      | Killed an ogre
  3278 | D:4      | Reached skill level 5 in Conjurations
  3278 | D:4      | Reached XP level 6. HP: 36/36 MP: 13/13
  3430 | D:4      | Reached skill level 1 in Fighting
  3646 | D:4      | You fall through a shaft!
  3646 | D:5      | Entered Level 5 of the Dungeon
  3705 | D:5      | Reached skill level 3 in Fighting
  3798 | D:5      | Reached XP level 7. HP: 46/46 MP: 14/14
  4223 | D:5      | Reached skill level 4 in Fighting
  4367 | D:5      | Mangled by an ogre

Skill      XL: |  1  2  3  4  5  6  7 |
---------------+----------------------+-----
Conjurations   | 2 3 5 |  5.0
Air Magic      | 4 5 |  5.3
Spellcasting   | 4 |  4.0
Fighting       | 3 4 |  4.0
Dodging        | |  2.5
Stealth        | |  2.2

Vault maps used:
D:1:      dpeg_arrival_lava_temple_mockup, kennysheep_nondescript
D:3:      ecumenical_altar_2
D:4:      first_bread, minmay_item_behind_shaft
D:5:      gammafunk_pakellas_statue_experiment

Vanquished Creatures
  A phantom
  An ogre
  A scorpion
  3 hounds
  An orc priest
  2 orc wizards
  A gnoll shaman
  A hound skeleton
  7 adders
  4 gnolls
  A shadow imp
  2 oozes
  A dart slug
  2 giant geckos
  5 orcs
  3 bats
  5 giant cockroaches
  6 goblins
  6 hobgoblins
  12 jackals
  A quokka
  2 ball pythons
  3 giant newts
  2 jackal skeletons
  5 kobolds
  7 rats
85 creatures vanquished.
